 Dungeon Crawl Stone Soup version 0.26.1-11-gd32895ea62 (webtiles) character file.

Game seed: 6122306443641325769

1872 vvl the Ruffian (level 8, -1/54 (75) HPs)
             Began as a Troll Earth Elementalist on June 18, 2021.
             Slain by a wight
             ... wielding a cursed +4 scimitar
              (3 damage)
             ... on level 5 of the Dungeon.
             The game lasted 00:19:49 (5982 turns).

vvl the Ruffian (Troll Earth Elementalist)          Turns: 5982, Time: 00:19:50

HP:   -1/54 (75)    AC: 12    Str: 17    XL:     8   Next: 91%
MP:   10/10         EV: 10    Int: 13    God:
Gold: 280           SH:  0    Dex: 10    Spells: 8/11 levels left

rFire    + . .     SeeInvis .   y - -3 war axe (curse)
rCold    . . .     Faith    .   (no shield)
rNeg     . . .     Spirit   .   t - +0 troll leather armour {Purgy}
rPois    .         Reflect  .   (helmet restricted)
rElec    .         Harm     .   (no cloak)
rCorr    .         Rampage  .   (gloves unavailable)
Will     .....                  (boots unavailable)
Stlth    +.........             (no amulet)
HPRegen  0.98/turn              f - ring of protection from fire
MPRegen  0.12/turn              n - +4 ring of protection

@: very heavily drained
A: large, unfitting armour, claws 3, regeneration 1, shaggy fur 1, tough skin 3
a: no special abilities


You were on level 5 of the Dungeon.
You visited 1 branch of the dungeon, and saw 6 of its levels.

You collected 280 gold pieces.

Inventory:

Hand Weapons
 i - a +1 dagger of venom
 y - a cursed -3 war axe (weapon)
Missiles
 b - 92 stones
Armour
 c - a +0 robe
 t - a +0 troll leather armour (worn) {Purgy}
Magical Staves
 z - an uncursed staff of earth {unknown}
Jewellery
 f - a ring of protection from fire (left claw)
 n - a +4 ring of protection (right claw)
Wands
 v - a wand of enslavement (11)
 A - a wand of paralysis (8)
Scrolls
 d - a scroll of enchant armour
 h - a scroll of immolation {unknown}
 k - 2 scrolls of teleportation
 l - 5 scrolls of amnesia
 m - 2 scrolls of fear
 q - a scroll of magic mapping
 u - a scroll of blinking {unknown}
Potions
 a - a potion of magic {unknown}
 e - 2 potions of resistance
 g - 3 potions of lignification
 j - a potion of haste
 o - a potion of brilliance {unknown}
 p - a potion of degeneration {unknown}
 r - a potion of might {unknown}
 s - 3 potions of curing {unknown}
 w - a potion of attraction {unknown}
 x - a potion of heal wounds {unknown}


   Skills:
 + Level 3.2 Fighting
 + Level 3.3 Armour
 + Level 3.8 Dodging
 - Level 1.0 Stealth
 + Level 4.9 Unarmed Combat
 - Level 2.1 Spellcasting
 + Level 1.9 Necromancy
 + Level 3.1 Transmutations
 + Level 4.7 Earth Magic


You had 8 spell levels left.
You knew the following spells:

 Your Spells              Type           Power        Failure   Level
a - Sandblast             Erth           26%          4%          1
b - Passwall              Tmut/Erth      9%           9%          2

Your spell library contained the following spells:

 Spells                   Type           Power        Failure   Level
 Stone Arrow              Conj/Erth      14%          34%         3
 Petrify                  Tmut/Erth      11%          52%         4
 Lee's Rapid Deconstruct  Erth           6%           75%         5


Dungeon Overview and Level Annotations

Branches:
Dungeon (6/15)
 Temple: D:4-7

Altars:
Dithmenos
Fedhas
Gozag
Nemelex Xobeh
Vehumet

Annotations:
D:3 exclusion: oklob plant


Innate Abilities, Weirdness & Mutations

You are too large for most types of armour.
You have claws for hands.
Your natural rate of healing is unusually fast.
You are covered in fur. (AC +1)
You have extremely tough skin. (AC +3)


Message History

You feel drained.
You slash the wight!
The wight is severely damaged.
The wight closely misses you.
You barely miss the wight.
The wight is severely damaged.
The wight hits you with a cursed +4 scimitar!
* * * LOW HITPOINT WARNING * * *
The wight closely misses you.
You closely miss the wight.
The wight is severely damaged.
The wight hits you with a cursed +4 scimitar.
* * * LOW HITPOINT WARNING * * *
You feel drained.
You closely miss the wight.
The wight is severely damaged.
The wight hits you with a cursed +4 scimitar!
* * * LOW HITPOINT WARNING * * *
You feel drained.
You die...

....#.....(#....#....#
#..##......#........##
.(..................#
....................#
.....#..............##
.....#.#.............#
.......##...........##
...............z.##.#
...............#@####
...............###
..............##
.......##.....#
.........."...#
..........#####
...........#
).....#....###
).)...##.....#


You could see a wight.

Vanquished Creatures
  Sigmund (D:2)
  Purgy (D:4)
  An orc warrior (D:4)
  A sky beast (D:5)
  3 ogres
  A centaur (D:6)
  A bullfrog (D:6)
  2 scorpions (D:4)
  5 wights (D:6)
  2 hounds
  A jelly (D:6)
  An orc wizard (D:5)
  4 orc priests
  A centaur skeleton (D:6)
  Natasha (thrice) (D:4)
  5 worker ants
  2 hound zombies (D:6)
  4 gnolls
  6 adders
  A shadow imp (D:4)
  A white imp (D:5)
  An ooze (D:2)
  2 adder skeletons
  3 dart slugs
  5 leopard geckos
  12 orcs
  5 bats
  5 giant cockroaches
  8 goblins
  11 hobgoblins
  2 jackals (D:4)
  A quokka (D:4)
  A ball python skeleton (D:4)
  5 frilled lizards
  2 jackal skeletons (D:4)
  7 kobolds
  A leopard gecko skeleton (D:4)
  A quokka zombie (D:5)
  11 rats
130 creatures vanquished.

Vanquished Creatures (others)
  3 fungi (D:3)
3 creatures vanquished.

Grand Total: 133 creatures vanquished

Notes
Turn   | Place    | Note
-------+----------+-------------------------------------------
     0 | D:1      | vvl the Troll Earth Elementalist began the quest for the
                  | Orb.
     0 | D:1      | Reached XP level 1. HP: 16/16 MP: 1/1
    34 | D:1      | Found a sparkling altar of Nemelex Xobeh.
    41 | D:1      | Reached XP level 2. HP: 18/24 MP: 2/2
   124 | D:1      | Reached skill level 1 in Unarmed Combat
   172 | D:1      | Reached skill level 1 in Transmutations
   232 | D:1      | Reached XP level 3. HP: 27/32 MP: 4/4
   542 | D:2      | Found a faded altar of an unknown god.
   749 | D:2      | Noticed Sigmund
   782 | D:2      | Killed Sigmund
   783 | D:2      | Reached skill level 1 in Fighting
   783 | D:2      | Reached skill level 1 in Armour
   783 | D:2      | Reached XP level 4. HP: 8/41 MP: 5/5
   783 | D:2      | Reached XP level 5. HP: 10/48 MP: 6/6
  1397 | D:2      | Found a radiant altar of Vehumet.
  1397 | D:2      | Found a shadowy altar of Dithmenos.
  1607 | D:3      | Found a blossoming altar of Fedhas.
  1640 | D:3      | Noticed an oklob plant
  2116 | D:4      | Reached XP level 6. HP: 55/55 MP: 7/7
  2340 | D:4      | Noticed Natasha
  2351 | D:4      | Killed Natasha
  2428 | D:4      | Noticed Natasha
  2435 | D:4      | Killed Natasha
  2755 | D:4      | Noticed Purgy
  2766 | D:4      | Killed Purgy
  2767 | D:4      | Reached XP level 7. HP: 62/63 MP: 7/9
  3006 | D:4      | Learned a level 2 spell: Passwall
  3127 | D:5      | Entered Level 5 of the Dungeon
  3828 | D:4      | Noticed Natasha
  3838 | D:4      | Killed Natasha
  3926 | D:5      | Reached XP level 8. HP: 63/74 MP: 1/10
  4159 | D:5      | Found an opulent altar of Gozag.
  4689 | D:6      | Reached skill level 1 in Necromancy
  5982 | D:5      | HP: 2/57 [wight/cursed +4 scimitar (10)]
  5982 | D:5      | Slain by a wight

Illustrated notes

Levels and vault maps discovered:
D:1:      lightli_arrival_windingriver, layout_rooms,
          nemelex_xobeh_ov_fountains_minmay
D:2:      kennysheep_big_flooded_room, layout_rooms,
          amethyst_overflow_temple_binary, chequers_ecumenical_altar_simple,
          uniq_sigmund
D:3:      layout_rooms, tgw_fedhas
D:4:      layout_loops_ring, minmay_quantized, uniq_purgy, uniq_natasha
D:5:      layout_cave_pools, grunt_gozag_breadcrumbs
D:6:      minmay_evil_eye, layout_basic, minivault_19

Skill      XL: |  1  2  3  4  5  6  7  8 |
---------------+-------------------------+-----
Unarmed Combat | 1 2 3 4 |  4.9
Transmutations | 1 2 3 |  3.1
Fighting       | 1 2 3 |  3.2
Armour         | 1 2 3 |  3.3
Dodging        | 2 3 |  3.8
Earth Magic    | 3 4 |  4.7
Spellcasting   | 2 |  2.1
Necromancy     | 1 |  1.9
Stealth        | |  1.0

Action                   |  1- 3 |  4- 6 |  7- 9 || total
-------------------------+-------+-------+-------++-------
Melee: Unarmed           |    94 |       |       ||    94
       Dagger            |    32 |   130 |   123 ||   285
       Punch             |       |     2 |     9 ||    11
       War axe           |       |       |   208 ||   208
 Cast: Sandblast         |       |       |    80 ||    80
  Use: Scroll            |       |     8 |     2 ||    10
 Stab: Sleeping          |     2 |     3 |     1 ||     6
Armor: Robe              |    49 |    64 |    16 ||   129
       Troll leather arm |       |       |   241 ||   241
Dodge: Dodged            |    76 |    66 |   270 ||   412
